 Dungeon Crawl Stone Soup version 0.30.0-19-g36f170ea60 (webtiles) character file.

Game seed: 12014053104348752390

119 Bamboolord the Gusty (level 4, -2/30 HPs)
             Began as a Demonspawn Air Elementalist on May 29, 2023.
             Slain by Sigmund
             ... wielding a +0 scythe
              (12 damage)
             ... on level 3 of the Dungeon.
             The game lasted 00:05:15 (3110 turns).

Bamboolord the Gusty (Demonspawn Air Elementalist)  Turns: 3110, Time: 00:05:15

Health: -2/30      AC:  2    Str:  8    XL:     4   Next: 74%
Magic:  2/8        EV: 12    Int: 19    God:
Gold:   158        SH:  0    Dex: 13    Spells: 2/8 levels left

rFire   . . .        l - +2 falchion (freeze)
rCold   . . .        (no shield)
rNeg    . . .        a - +0 robe
rPois   .            (helmet restricted)
rElec   .            (no cloak)
rCorr   .            (no gloves)
SInv    .            (no boots)
Will    .....        (no amulet)
Stlth   ++           (no ring)
HPRegen 0.25/turn    (no ring)
MPRegen 0.11/turn

%: no passive effects
@: no status effects
A: horns 1
a: no special abilities


You were on level 3 of the Dungeon.
You visited 1 branch of the dungeon, and saw 3 of its levels.

You collected 158 gold pieces.

Inventory:

Hand Weapons
 l - a +2 falchion of freezing (weapon)
Armour
 a - a +0 robe (worn)
Wands
 j - a wand of roots (4)
Scrolls
 e - a scroll of enchant armour {unknown}
 f - a scroll of vulnerability {unknown}
 h - a scroll of brand weapon
 m - a scroll of immolation {unknown}
Potions
 b - a potion of magic
 g - a potion of cancellation {unknown}
 i - a potion of curing
 k - a potion of ambrosia {unknown}


   Skills:
 * Level 2.5 Dodging
 + Level 1.9 Stealth
 * Level 2.8 Spellcasting
 * Level 2.0 Conjurations
 * Level 3.7 Air Magic


You had 2 spell levels left.
You knew the following spells:

 Your Spells              Type           Power      Damage    Failure   Level
a - Shock                 Conj/Air       52%        1d6       4%          1
b - Static Discharge      Conj/Air       26%        2-4/arc   7%          2
c - Mephitic Cloud        Conj/Pois/Air  10%        N/A       22%         3

Your spell library contained the following spells:

 Spells                   Type           Power      Damage    Failure   Level
 Sting                    Tmut/Pois      8%         1d3       16%         1
 Momentum Strike          Conj/Tloc      12%        3d8       16%         2
 Blink                    Tloc           4%         N/A       24%         2
 Lesser Beckoning         Tloc           4%         N/A       24%         2
 Swiftness                Air            16%        N/A       11%         3
 Airstrike                Air            8%         2d(2-18)  34%         4
 Ignite Poison            Fire/Tmut/Pois 2%         N/A       43%         3
 Silence                  Hex/Air        4%         N/A       90%         5


Dungeon Overview and Level Annotations

Branches:
Dungeon (3/15)

Altars:
Gozag
Kikubaaqudgha

Shops:
D:2 *((

Annotations:
D:3 Sigmund


Innate Abilities, Weirdness & Mutations

You have a pair of small horns on your head.


Message History

The ball python closely misses you. The ball python grabs you.
The ball python constricts you. The adder closely misses you.
You hit the ball python.
You kill the ball python!
The adder closely misses you. The adder barely misses you. Something hits you!
The adder attacks as you move away! The adder bites you.
* * * LOW HITPOINT WARNING * * *
You are poisoned.
The adder poisons you!
You feel sick.
It was a potion of curing.
You feel better. The adder bites you.
Aiming: Shock (safe; 4% risk of failure)
Press: ? - help, Q - select action, (/) - cycle Shift-Dir - straight line, f - adder
Aim: an adder (heavily wounded, 48% to hit)
Okay, then.
As you read the scroll of fog, it crumbles to dust.
The scroll dissolves into smoke.
The adder closely misses you. Something barely misses you. The adder bites you.
The adder attacks as you move away! The adder bites you.
* * * LOW HITPOINT WARNING * * *
Okay, then.
As you read the scroll labelled MURPHI DUOS, it crumbles to dust.
It is a scroll of brand weapon.
Your +2 falchion of venom is covered with a thin layer of ice!
l - a +2 falchion of freezing (weapon)
The adder closely misses you. Something hits you but does no damage.
Unknown command.
You miss the adder. Your headbutt misses the adder.
The adder is heavily wounded.
The adder bites you.
* * * LOW HITPOINT WARNING * * *
You are poisoned.
The adder poisons you! The adder barely misses you.
Unknown command.
You feel better. The adder closely misses you. Something hits you.
As you read the scroll labelled LUOSYI YRAIRO, it crumbles to dust.
You hear a loud clanging noise!
It was a scroll of noise.
You hear a shout!
The adder bites you. Something hits you!
You die...

..###.<#############
#.# #..............#
#.# #.####.#######.#
#.# ...# #.# #.# #.#
#.### #.# #.# #.# #.
#+# #§# #.# # #§#
#.# ####{# #†#
#§@S§# #.# +§####
#.# ## #.# .# #.#
#.# # #.# ##.##.#
#.# #..... #.# ##..#
#.# ....# #.#


You could see an adder.

Vanquished Creatures
  A gnoll (D:2)
  4 adders
  A worm (D:2)
  2 dart slugs
  An orc (D:3)
  9 ball pythons
  5 bats
  8 endoplasms
  5 giant cockroaches
  2 goblins
  A hobgoblin (D:3)
  7 kobolds
  6 quokkas
  3 frilled lizards
  7 rats
62 creatures vanquished.

Notes
Turn   | Place    | Note
-------+----------+-------------------------------------------
     0 | D:1      | Bamboolord the Demonspawn Air Elementalist began the quest
                  | for the Orb.
     0 | D:1      | Reached XP level 1. HP: 13/13 MP: 3/3
   231 | D:1      | Reached skill level 3 in Air Magic
   231 | D:1      | Gained mutation: You have a pair of small horns on your
                  | head. [demonic ancestry]
   231 | D:1      | Reached XP level 2. HP: 17/19 MP: 0/5
   302 | D:1      | Got the Codex of the Aerial Snake
   371 | D:1      | Found a faded altar of an unknown god.
  1136 | D:1      | Reached XP level 3. HP: 24/24 MP: 4/6
  1161 | D:1      | Learned a level 2 spell: Static Discharge
  1274 | D:2      | Found Duisen Cinla's General Store.
  1318 | D:2      | Found Edutz's Weapon Shop.
  1454 | D:2      | Found Qixzassoxi's Weapon Shop.
  1773 | D:2      | Learned a level 3 spell: Mephitic Cloud
  1836 | D:2      | Reached XP level 4. HP: 30/30 MP: 0/7
  2516 | D:3      | Found an opulent altar of Gozag.
  2644 | D:3      | Found an ancient bone altar of Kikubaaqudgha.
  2906 | D:3      | Noticed Sigmund
  3110 | D:3      | Slain by Sigmund

Illustrated notes

Levels and vault maps discovered:
D:1:      ncdulo_watergridlock, layout_basic, basic_ecumenical_altar,
          minmay_shallow_snake_nest
D:2:      minmay_general_purpose_star, layout_basic, serial_shops, shop,
          nicolae_lakefront_shop, shop, minmay_pentomino_s4
D:3:      layout_loops_ring, grunt_gozag_statues, lemuel_tele_altar,
          nicolae_vehumet_altar_sigil, serial_shops, shop, uniq_sigmund,
          uniq_terence, uniq_grinder

Skill      XL: |  1  2  3  4 |
---------------+-------------+-----
Dodging        | 2 |  2.5
Air Magic      | 3 |  3.7
Conjurations   | 2 |  2.0
Stealth        | |  1.9
Spellcasting   | |  2.8

Action                     |  1- 3 |  4- 6 || total
---------------------------+-------+-------++-------
  Melee: Unarmed           |    16 |       ||    16
         Falchion          |     4 |    15 ||    19
         Dagger            |     3 |       ||     3
         Headbutt          |       |     1 ||     1
   Cast: Shock             |    81 |    62 ||   143
    Use: Scroll            |     3 |     3 ||     6
         Potion            |       |     2 ||     2
 Armour: Robe              |     3 |     8 ||    11
  Dodge: Dodged            |    17 |    44 ||    61
